 Dungeon Crawl Stone Soup version 0.24.0-125-gc4c63601f3 (webtiles) character file.

Game seed: 13584638371260402691, levelgen mode: deterministic

217481 BuffBuff the Warrior (level 17, -23/161 HPs)
             Began as a Minotaur Fighter on Mar 17, 2020.
             Was the Champion of Makhleb.
             Annihilated by an azure jelly (29 damage)
             ... created by the Royal Jelly
             ... on level 5 of the Pits of Slime.
             The game lasted 02:45:48 (26250 turns).

BuffBuff the Warrior (Minotaur Fighter)            Turns: 26250, Time: 02:45:49

Health: -23/161    AC: 32    Str: 35    XL:     17   Next: 94%
Magic:  28/28      EV: 17    Int: 10    God:    Makhleb [******]
Gold:   2835       SH: 16    Dex: 24    Spells: 22/32 levels left

rFire    + + .     SeeInvis .   K - +7 Screaming Sword {slice, sonic wave}
rCold    . . .     Gourm    .   c - +0 shield
rNeg     . . .     Faith    .   C - +8 orange crystal plate armour {Archmagi, Int+3 Clar}
rPois    +         Spirit   .   (helmet restricted)
rElec    +         Reflect  .   J - +2 cloak {MR+}
rCorr    +         Harm     .   W - +2 pair of gloves
MR       ++...     Clarity  +   e - +0 pair of boots "Wocias" {-Tele Str+5 Int+2} Stlth ..........NoTele +
                                Q - amulet of the acrobat
HPRegen  0.36/turn              B - ring "Fafrapn" {Fire Dex+8}
MPRegen  0.21/turn              r - +3 ring of strength

@: agile, resistant, corroded, hasted, very quick
A: retaliatory headbutt, horns 2
}: 2/15 runes: decaying, gossamer
a: Minor Destruction, Lesser Servant of Makhleb, Major Destruction, Greater
Servant of Makhleb, Renounce Religion


You were on level 5 of the Pits of Slime.
You worshipped Makhleb.
Makhleb was exalted by your worship.
You were not hungry.

You visited 7 branches of the dungeon, and saw 34 of its levels.
You also visited: Volcano.

You collected 2985 gold pieces.
You spent 150 gold pieces at shops.

Inventory:

Hand Weapons
 D - a +5 scimitar of flaming
 K - the +7 Screaming Sword (weapon) {slice, sonic wave}
   (You acquired it on level 3 of the Lair of Beasts)

   It inflicts extra damage upon your enemies.
Missiles
 H - 6 javelins (quivered)
Armour
 c - a +0 shield (worn)
 e - the +0 pair of boots "Wocias" (worn) {-Tele Str+5 Int+2}
   (You found it on level 4 of the Swamp)

   It affects your strength (+5).
   It affects your intelligence (+2).
   It prevents most forms of teleportation.
 w - a +2 cloak of invisibility
 C - the +8 orange crystal plate armour (worn) {Archmagi, Int+3 Clar}
   (You found it on level 8 of the Dungeon)

   It affects your intelligence (+3).
   It protects you against confusion.
 J - a +2 cloak of magic resistance (worn)
 W - a +2 pair of gloves (worn)
Jewellery
 b - an uncursed ring of wizardry
 h - an uncursed ring of protection from fire
 r - a +3 ring of strength (right hand)
 B - the ring "Fafrapn" (left hand) {Fire Dex+8}
   (You found it on level 1 of the Orcish Mines)

   [ring of fire]

   It enhances your fire magic.
   It affects your dexterity (+8).
   It protects you from fire.
   It makes you vulnerable to cold.
 G - an uncursed ring of flight
 Q - an amulet of the acrobat (around neck)
Wands
 u - a wand of enslavement (8)
 F - a wand of iceblast (33)
 I - a wand of flame (13)
 L - a wand of paralysis (18)
 M - a wand of digging (8)
 P - a wand of scattershot (8)
 U - a wand of polymorph (10)
 X - a wand of disintegration (10)
Scrolls
 g - 2 scrolls of vulnerability
 j - 15 scrolls of teleportation
 l - 2 scrolls of enchant armour
 p - 16 scrolls of remove curse
 x - 3 scrolls of fear
 y - 12 scrolls of identify
 O - a scroll of blinking
 R - 5 scrolls of enchant weapon
 S - a scroll of silence
 Z - a scroll of fog
Potions
 a - 2 potions of brilliance
 d - 2 potions of might
 i - 4 potions of berserk rage
 k - 6 potions of curing
 n - 4 potions of invisibility
 o - a potion of ambrosia
 q - 4 potions of heal wounds
 s - 3 potions of haste
 t - 3 potions of cancellation
 v - 2 potions of resistance
 E - 3 potions of lignification
 T - a potion of magic
Miscellaneous
 z - a lamp of fire (inert)
Comestibles
 f - 49 rations


   Skills:
 + Level 17.3 Fighting
 - Level 16.0 Long Blades
 - Level 10.0 Armour
 + Level 7.6 Dodging
 - Level 15.0 Shields
 + Level 8.0 Spellcasting
 + Level 8.9 Charms
 + Level 9.6 Necromancy
 - Level 4.4 Invocations


You had 22 spell levels left.
You knew the following spells:

 Your Spells              Type           Power        Failure   Level  Hunger
c - Summon Mana Viper     Hex/Summ       #.......     100%        5    ######.
z - Regeneration          Chrm/Necr      ####......   19%         3    ###....
A - Blink                 Tloc           N/A          99%         2    #......

Your spell library contained the following spells:

 Spells                   Type           Power        Failure   Level  Hunger
 Infusion                 Chrm           ####         7%          1    None
 Corpse Rot               Necr           N/A          8%          2    #......
 Sublimation of Blood     Necr           #####.....   8%          2    #......
 Song of Slaying          Chrm           ####....     11%         2    #......
 Animate Dead             Necr           N/A          45%         4    ####...
 Shroud of Golubria       Chrm/Tloc      ###...       56%         2    #......
 Spectral Weapon          Hex/Chrm       ###.....     80%         3    ###....
 Agony                    Necr           #####...     82%         5    ######.
 Dispel Undead            Necr           #####...     82%         5    ######.
 Excruciating Wounds      Chrm/Necr      ####......   86%         5    ######.
 Beastly Appendage        Tmut           #.....       95%         1    None
 Confusing Touch          Hex            #.....       95%         1    None
 Magic Dart               Conj           #...         95%         1    None
 Sandblast                Erth           #.....       95%         1    None
 Summon Butterflies       Summ           #.......     95%         1    None
 Summon Small Mammal      Summ           #...         95%         1    None
 Call Imp                 Summ           #.......     99%         2    #......
 Searing Ray              Conj           #.....       99%         2    #......
 Slow                     Hex            #.......     99%         2    #......
 Call Canine Familiar     Summ           #.......     100%        3    ###....
 Confuse                  Hex            #.......     100%        3    ###....
 Conjure Flame            Conj/Fire      #.......     100%        3    ###....
 Dazzling Spray           Conj/Hex       #.....       100%        3    ###....
 Gell's Gravitas          Tloc           #.........   100%        3    ###....
 Mephitic Cloud           Conj/Pois/Air  #.......     100%        3    ###....
 Recall                   Summ/Tloc      N/A          100%        3    ###....
 Stone Arrow              Conj/Erth      #.....       100%        3    ###....
 Force Lance              Conj/Tloc      #.......     100%        4    ####...
 Fulminant Prism          Conj/Hex       #.........   100%        4    ####...
 Iskenderun's Mystic Bla  Conj           #.......     100%        4    ####...
 Petrify                  Tmut/Erth      #.......     100%        4    ####...
 Summon Ice Beast         Ice/Summ       #.......     100%        4    ####...
 Bolt of Draining         Conj/Necr      ###.......   100%        5    ######.
 Bolt of Magma            Conj/Fire/Erth #.........   100%        5    ######.
 Borgnjor's Vile Clutch   Necr/Erth      ###.......   100%        5    ######.
 Irradiate                Conj/Tmut      #.........   100%        5    ######.
 Metabolic Englaciation   Hex/Ice        #.........   100%        5    ######.
 Yara's Violent Unravell  Hex/Tmut       #.........   100%        5    ######.
 Death Channel            Necr           #####.....   100%        6    #######
 Hydra Form               Tmut           #.........   100%        6    #######
 Simulacrum               Ice/Necr       ###.......   100%        6    #######
 Statue Form              Tmut/Erth      #........    100%        6    #######
 Dragon Form              Tmut           #.........   100%        7    #######
 Summon Hydra             Summ           #.........   100%        7    #######
 Dragon's Call            Summ           #.........   100%        9    #######


Dungeon Overview and Level Annotations

Branches:
Dungeon (12/15)            Temple (1/1) D:6            Lair (6/6) D:10
  Swamp (4/4) Lair:4       Spider (4/4) Lair:2        Slime (5/5) Lair:6
    Orc (2/2) D:10            Elf (0/3) Orc:2       Volcano (visited)

Altars:
Ashenzari
Cheibriados
Dithmenos
Elyvilon
Fedhas
Gozag
Hepliaklqana
Kikubaaqudgha
Makhleb
Nemelex Xobeh
Okawaru
Qazlal
Ru
Sif Muna
Trog
Uskayaw
Vehumet
Wu Jian
Xom
Yredelemnul
Zin
The Shining One
Jiyva
Lugonu

Shops:
Orc:2 !%}[

Annotations:
D:4 2 transporters
D:12 2 transporters
Spider:4 exclusion: 3 doors
Slime:5 Royal Jelly


Innate Abilities, Weirdness & Mutations

You reflexively headbutt those who attack you in melee.
You have a pair of horns on your head.


Message History

The azure jelly is lightly wounded.
The Royal Jelly is moderately wounded.
You kill the acid blob!
That felt strangely unrewarding.
The Royal Jelly shudders vigorously.
The Royal Jelly spits out two more jellies.
You block the azure jelly's attack. The azure jelly hits you.
The azure jelly freezes you!!
* * * LOW HITPOINT WARNING * * *
The azure jelly hits you.
* * * LOW HITPOINT WARNING * * *
The azure jelly closely misses you. The Royal Jelly hits you!
* * * LOW HITPOINT WARNING * * *
You are splashed with acid.
You resist.
* * * LOW HITPOINT WARNING * * *
You block the Royal Jelly's attack.
You block the Royal Jelly's attack. x2; The azure jelly completely misses you.
The azure jelly hits you.
* * * LOW HITPOINT WARNING * * *
The azure jelly freezes you!!
You die...

#### ###..#### ##....#..## ##*
###.........###### ##.*
#................###***
##..#*##.......@J..........*,**
##....##.......JJJ..........,,,**
#...........................,,,,*
.#..........................,,,**
............................,,,,*
............................,,,,,
............................,,,,,
.......................G....,,,,,
........................,,,,,,,,,


You could see the Royal Jelly, an acid blob, an azure jelly, a death ooze and an
eye of draining.

Vanquished Creatures
  Arachne (Spider:4)
  7 acid blobs
  A thorn hunter (Swamp:2)
  Kirke (Lair:5)
  Roxanne (Spider:3)
  An azure jelly (Slime:1)
  5 ghost moths (Spider:4)
  4 emperor scorpions (Spider:4)
  The ghost of Fumuj the Warrior, a journeyman GrBe of Trog (Orc:1)
  3 entropy weavers
  2 spark wasps
  A death ooze (Slime:5)
  Josephine (Orc:1)
  Fannar (Lair:2)
  22 hydras
  A great orb of eyes (Slime:5)
  A ghost crab (Swamp:4)
  A merfolk avatar (Lair:6)
  4 ogre magi (Orc:2)
  A shambling mangrove (Swamp:4)
  17 alligators
  16 two-headed ogres
  A death yak (Lair:6)
  A spriggan berserker (Swamp:2)
  A deep elf knight (Swamp:2)
  A sea snake (Lair:6)
  2 skeletal warriors (Volcano)
  2 spriggan druids (Swamp:2)
  11 swamp dragons
  2 lindwurms
  Pikel (D:6)
  A harpy (Lair:6)
  2 orc sorcerers (Orc:1)
  An oklob plant (Lair:5)
  9 orb spiders
  2 orc knights
  2 cyclopes
  2 shining eyes (Slime:4)
  A deep elf mage (D:12)
  4 ugly things
  20 wolf spiders
  A manticore (Lair:6)
  8 black mambas
  2 centaur zombies (D:11)
  4 moths of wrath
  2 eyes of devastation
  5 elephants (Lair:6)
  3 torpor snails
  14 spiny frogs
  Joseph (D:7)
  3 gargoyles (Volcano)
  An efreet (D:12)
  3 rime drakes
  A kobold demonologist (D:11)
  8 demonic crawlers
  11 komodo dragons
  8 trolls
  14 jumping spiders
  6 polar bears
  2 harpy skeletons (Volcano)
  19 hornets
  12 tyrant leeches
  A merfolk (shapeshifter) (D:11)
  59 slime creatures
  Grinder (D:3)
  13 bog bodies
  Prince Ribbit (D:6)
  A dream sheep (Lair:6)
  10 blink frogs
  6 hippogriffs
  3 shadows
  3 flying skulls (Volcano)
  4 spriggans
  6 wyverns
  7 wraiths
  Sigmund (D:5)
  An alligator skeleton (Volcano)
  55 redbacks
  15 tarantellas
  39 yaks
  A steam dragon (D:12)
  15 vampire mosquitoes
  4 basilisks
  2 hogs (Lair:5)
  A hungry ghost (D:9)
  4 insubstantial wisps (Swamp:2)
  11 swamp worms
  An acid dragon (D:12)
  10 wargs
  10 porcupines
  A soldier ant (D:11)
  21 swamp drakes
  11 water moccasins
  6 ice beasts
  21 orc warriors
  4 eyes of draining
  6 sky beasts
  2 black bears
  A necrophage (D:12)
  34 ogres
  5 phantoms
  2 slaves (D:6)
  A boggart (D:12)
  13 wolves
  4 centaurs (D:12)
  10 crocodiles
  3 big kobolds
  12 bullfrogs
  A wyvern zombie (D:12)
  4 scorpions
  8 killer bees
  A spriggan skeleton (Volcano)
  10 electric eels
  4 howler monkeys
  7 wights (D:10)
  3 jellies
  7 crimson imps
  3 bullfrog zombies
  Crazy Yiuf (D:7)
  A bullfrog skeleton (D:11)
  2 centaur skeletons
  14 orc priests
  A gnoll shaman (D:6)
  7 hounds
  2 iguanas
  14 worker ants
  25 orc wizards
  A hound zombie (D:11)
  A naga skeleton (Volcano)
  A hound skeleton (D:4)
  A howler monkey zombie (D:8)
  4 worker ant zombies
  8 gnolls
  7 adders
  4 shadow imps
  2 oozes
  2 adder skeletons
  An adder zombie (D:5)
  5 worms
  A dart slug (D:1)
  8 leopard geckos
  100 orcs
  8 giant cockroaches
  6 hobgoblins
  11 jackals (D:3)
  3 quokkas (D:4)
  A ball python (D:1)
  7 bats
  5 frilled lizards
  9 goblins
  25 kobolds
  A quokka skeleton (D:5)
  6 rats
  35 briar patches (Swamp:2)
  A butterfly (Lair:1)
  5 fungi
  A plant (Lair:6)
1114 creatures vanquished.

Vanquished Creatures (collateral kills)
  A redback (Spider:2)
1 creature vanquished.

Vanquished Creatures (others)
  A wolf spider (Spider:4)
  An orb spider (Spider:4)
  An orc wizard (D:6)
  A worker ant (D:12)
  15 fungi
  17 plants
36 creatures vanquished.

Grand Total: 1151 creatures vanquished

Notes
Turn   | Place    | Note
-------+----------+-------------------------------------------
     0 | D:1      | BuffBuff the Minotaur Fighter began the quest for the Orb.
     0 | D:1      | Reached XP level 1. HP: 19/19 MP: 0/0
    78 | D:1      | Reached XP level 2. HP: 23/27 MP: 1/1
   413 | D:1      | Reached skill level 4 in Fighting
   511 | D:2      | Reached XP level 3. HP: 22/33 MP: 2/2
  1085 | D:2      | Reached XP level 4. HP: 16/41 MP: 3/3
  1722 | D:3      | Noticed Grinder
  1738 | D:3      | Paralysed by Grinder for 7 turns
  1749 | D:3      | Killed Grinder
  1749 | D:3      | Reached skill level 5 in Fighting
  1749 | D:3      | Reached skill level 5 in Armour
  1749 | D:3      | Reached skill level 5 in Shields
  1749 | D:3      | Reached XP level 5. HP: 24/48 MP: 4/4
  1749 | D:3      | Reached XP level 6. HP: 28/56 MP: 5/5
  2260 | D:3      | Found a glowing golden altar of the Shining One.
  2563 | D:4      | Found a hazy altar of Hepliaklqana.
  2613 | D:4      | Reached skill level 5 in Long Blades
  2613 | D:4      | Reached XP level 7. HP: 60/62 MP: 6/6
  2711 | D:4      | Identified the cursed +1 halberd "Dysker" {elec, *Drain
                  | rN++ Dex+2 SInv}
  2718 | D:4      | Found a transporter.
  2833 | D:4      | Found a transporter.
  3024 | D:5      | Entered Level 5 of the Dungeon
  3039 | D:5      | Noticed Sigmund
  3128 | D:5      | Found a bloodstained altar of Trog.
  3185 | D:5      | Reached skill level 6 in Fighting
  3250 | D:5      | Killed Sigmund
  3429 | D:5      | Reached XP level 8. HP: 71/71 MP: 7/7
  3863 | D:6      | Reached skill level 7 in Fighting
  4053 | D:6      | Noticed Pikel
  4089 | D:6      | Found a staircase to the Ecumenical Temple.
  4096 | Temple   | Entered the Ecumenical Temple
  4340 | D:6      | Killed Pikel
  4340 | D:6      | Reached skill level 8 in Fighting
  4340 | D:6      | Reached XP level 9. HP: 59/81 MP: 8/8
  4731 | D:6      | Found a white marble altar of Elyvilon.
  4828 | D:7      | Noticed Prince Ribbit
  4858 | D:6      | Killed Prince Ribbit
  4984 | D:7      | Found a runed translucent door.
  4985 | D:7      | Noticed Crazy Yiuf
  4990 | D:7      | Killed Crazy Yiuf
  5066 | D:7      | Found a sparkling altar of Nemelex Xobeh.
  5127 | D:7      | Noticed Joseph
  5162 | D:7      | Killed Joseph
  5314 | D:7      | Reached skill level 9 in Fighting
  5549 | D:8      | Found the +8 orange crystal plate armour {Archmagi, Int+3
                  | Clar}
  5942 | D:8      | Reached XP level 10. HP: 68/91 MP: 9/9
  6516 | D:8      | Found a shimmering altar of Xom.
  6517 | D:8      | Found a burning altar of Makhleb.
  6536 | D:8      | Became a worshipper of Makhleb the Destroyer
  6762 | D:9      | Found a glowing silver altar of Zin.
  6903 | D:9      | Found a radiant altar of Vehumet.
  6903 | D:9      | Found a stormy altar of Qazlal.
  6903 | D:9      | Found an iron altar of Okawaru.
  6904 | D:9      | Found a hide-covered altar of Uskayaw.
  6904 | D:9      | Found a basalt altar of Yredelemnul.
  6904 | D:9      | Found an ornate altar of the Wu Jian Council.
  6905 | D:9      | Found a shadowy altar of Dithmenos.
  6905 | D:9      | Found a shimmering blue altar of Sif Muna.
  7430 | D:9      | Learned a level 2 spell: Blink
  7595 | D:10     | Entered Level 10 of the Dungeon
  7622 | D:10     | Reached skill level 10 in Fighting
  7622 | D:10     | Reached skill level 10 in Armour
  7630 | D:10     | Reached skill level 10 in Shields
  7764 | D:10     | Reached * piety under Makhleb
  7772 | D:10     | Noticed a two-headed ogre
  7781 | D:10     | Killed a two-headed ogre
  7781 | D:10     | Reached skill level 10 in Long Blades
  7781 | D:10     | Reached skill level 1 in Invocations
  8983 | D:10     | Identified a scroll of acquirement
  9036 | D:10     | Reached ** piety under Makhleb
  9040 | D:10     | Reached XP level 11. HP: 95/101 MP: 12/12
  9043 | D:10     | Found a staircase to the Lair.
  9220 | D:10     | Identified the cursed +0 plate armour "Cuoh" {Int+3}
  9422 | D:10     | Found a staircase to the Orcish Mines.
  9641 | D:11     | Noticed a two-headed ogre
  9657 | D:11     | Killed a two-headed ogre
  9657 | D:11     | Reached skill level 11 in Fighting
  9766 | D:11     | Noticed a brown ugly thing
  9780 | D:11     | Killed a brown ugly thing
 10050 | D:11     | Learned a level 3 spell: Regeneration
 10113 | D:11     | Reached *** piety under Makhleb
 10289 | D:11     | Noticed a brown ugly thing
 10303 | D:11     | Killed a brown ugly thing
 10303 | D:11     | Reached skill level 1 in Necromancy
 10312 | D:11     | Reached skill level 1 in Charms
 10470 | D:12     | Noticed a red ugly thing
 10486 | D:12     | Killed a red ugly thing
 10645 | D:12     | Noticed a deep elf mage
 10667 | D:12     | Killed a deep elf mage
 10720 | D:12     | Reached **** piety under Makhleb
 10728 | D:12     | Noticed a two-headed ogre
 10731 | D:12     | Reached XP level 12. HP: 112/112 MP: 14/14
 10772 | D:12     | Reached skill level 12 in Fighting
 10792 | D:12     | Noticed a two-headed ogre
 10806 | D:12     | Killed a two-headed ogre
 10832 | D:12     | Found a flagged portal.
 10902 | D:12     | Learned a level 5 spell: Summon Mana Viper
 11124 | D:12     | Found a transporter.
 11435 | D:12     | Found a transporter.
 11529 | D:12     | Got an encrusted hand axe
 11529 | D:12     | Identified the cursed +1 hand axe of Articulation {chop,
                  | -Tele rPois rN+ Stlth+} (You found it on level 12 of the
                  | Dungeon)
 11616 | Lair:1   | Entered Level 1 of the Lair of Beasts
 11874 | Lair:1   | Found a dark tunnel.
 11883 | Volcano  | Entered a volcano
 13033 | Lair:2   | Reached ***** piety under Makhleb
 13186 | Lair:2   | Found a hole to the Spider Nest.
 13193 | Lair:2   | Reached XP level 13. HP: 119/119 MP: 15/15
 13334 | Lair:2   | Noticed Fannar
 13383 | Lair:2   | Killed Fannar
 13898 | Lair:2   | Reached skill level 13 in Fighting
 14010 | Lair:3   | You fall into a shaft and drop 1 floor!
 14021 | Lair:4   | Reached skill level 1 in Spellcasting
 14092 | Lair:4   | Found a staircase to the Swamp.
 14371 | Lair:3   | Found the +7 Singing Sword {slice, sonic wave}
 15067 | Lair:5   | Found a shimmering blue altar of Sif Muna.
 15107 | Lair:5   | Found a shimmering blue altar of Sif Muna.
 15325 | Lair:5   | Reached skill level 5 in Necromancy
 15477 | Lair:5   | Noticed Kirke
 15492 | Lair:5   | Killed Kirke
 15962 | Lair:6   | Entered Level 6 of the Lair of Beasts
 16037 | Lair:6   | Reached XP level 14. HP: 129/129 MP: 17/17
 16159 | Lair:6   | Found a staircase to the Slime Pits.
 16166 | Lair:6   | Found a viscous altar of Jiyva.
 16263 | Lair:6   | Reached skill level 15 in Long Blades
 16350 | Lair:6   | Reached ****** piety under Makhleb
 16423 | Lair:6   | Reached skill level 5 in Charms
 16499 | Lair:6   | Identified the Handbook of Transformation and Creation
 17085 | Orc:1    | Entered Level 1 of the Orcish Mines
 17089 | Orc:1    | You fall into a shaft and drop 1 floor!
 17089 | Orc:2    | Entered Level 2 of the Orcish Mines
 17334 | Orc:1    | Noticed Josephine
 17336 | Orc:1    | Reached skill level 14 in Fighting
 17341 | Orc:1    | Killed Josephine
 17384 | Orc:1    | Found a transporter.
 17418 | Orc:1    | Found a transporter.
 17420 | Orc:1    | Noticed Fumuj's ghost (journeyman GrBe)
 17735 | Orc:1    | Killed Fumuj's ghost
 17751 | Orc:1    | Got a translucent lead ring
 17760 | Orc:1    | Identified the ring "Fafrapn" {Fire Dex+8} (You found it on
                  | level 1 of the Orcish Mines)
 17914 | Orc:2    | Reached XP level 15. HP: 139/139 MP: 20/20
 18046 | Orc:2    | Found a staircase to the Elven Halls.
 18255 | Orc:2    | Found Sysysob's Food Shop.
 18256 | Orc:2    | Found Zidi's Armour Shoppe.
 18256 | Orc:2    | Found Itajil's Gadget Shop.
 18256 | Orc:2    | Found Leeff's Distillery.
 18265 | Orc:2    | Bought a potion of haste for 150 gold pieces
 18707 | Spider:1 | Entered Level 1 of the Spider Nest
 19554 | Spider:2 | Reached skill level 15 in Shields
 20030 | Spider:3 | Identified Roxanne's Papyrus of Clay
 20030 | Spider:3 | Noticed Roxanne
 20049 | Spider:3 | Reached skill level 5 in Spellcasting
 20143 | Spider:3 | Killed Roxanne
 20200 | Spider:3 | Reached skill level 15 in Fighting
 20516 | Spider:4 | Entered Level 4 of the Spider Nest
 20579 | Spider:4 | Noticed Arachne
 20593 | Spider:4 | Killed Arachne
 20714 | Spider:4 | Killed a ghost moth
 20726 | Spider:4 | Reached XP level 16. HP: 149/149 MP: 1/23
 21557 | Spider:4 | Reached skill level 1 in Dodging
 21731 | Spider:4 | Got a gossamer rune of Zot
 22243 | Swamp:1  | Entered Level 1 of the Swamp
 22269 | Swamp:1  | Reached skill level 16 in Fighting
 23019 | Swamp:2  | Noticed a thorn hunter
 23033 | Swamp:2  | Killed a thorn hunter
 24027 | Swamp:3  | Reached XP level 17. HP: 159/159 MP: 26/26
 24065 | Swamp:3  | Reached skill level 5 in Dodging
 24660 | Swamp:4  | Entered Level 4 of the Swamp
 24931 | Swamp:4  | Got a pair of steaming boots
 24941 | Swamp:4  | Identified the +0 pair of boots "Wocias" {-Tele Str+5
                  | Int+2} (You found it on level 4 of the Swamp)
 25080 | Swamp:4  | Reached skill level 17 in Fighting
 25119 | Swamp:4  | Got a decaying rune of Zot
 25583 | Slime:1  | Entered Level 1 of the Pits of Slime
 25593 | Slime:1  | Noticed an acid blob
 25776 | Slime:1  | Killed an acid blob
 25806 | Slime:2  | Noticed an acid blob
 25815 | Slime:2  | Killed an acid blob
 25874 | Slime:4  | Noticed an acid blob
 25883 | Slime:4  | Killed an acid blob
 25941 | Slime:5  | Entered Level 5 of the Pits of Slime
 25973 | Slime:5  | Noticed an acid blob
 25982 | Slime:5  | Killed an acid blob
 26206 | Slime:5  | Noticed an acid blob
 26221 | Slime:5  | Killed an acid blob
 26226 | Slime:5  | Noticed an acid blob
 26234 | Slime:5  | Killed an acid blob
 26238 | Slime:5  | Noticed the Royal Jelly
 26240 | Slime:5  | Noticed an acid blob
 26249 | Slime:5  | Killed an acid blob
 26249 | Slime:5  | Noticed an acid blob
 26250 | Slime:5  | HP: 6/161 [azure jelly[the Royal Jelly] (6)]
 26250 | Slime:5  | Annihilated by an azure jelly

Levels and vault maps discovered:
D:1:      onia_arrival_pyramid, layout_basic
D:2:      layout_basic, first_ration
D:3:      layout_loops_cross, nicolae_tso_carved_into_rock, uniq_grinder
D:4:      layout_loops_ring, overflow_temple_1_default,
          gammafunk_ghost_gnarly_gnolls
D:5:      layout_cave_pools, bloody_trog, uniq_sigmund
D:6:      layout_loops_corners, kennysheep_mini_moat, temple_statues,
          enter_ossuary_1, uniq_pikel
D:7:      layout_rooms, lemuel_crystal_altar, the_bakery, uniq_joseph,
          uniq_crazy_yiuf_cottage, uniq_prince_ribbit1
D:8:      layout_cave_pods, grunt_temple_overflow_champion_of_chaos
D:9:      layout_basic, grunt_temple_overflow_open,
          nicolae_overflow_hidden_temple
D:10:     layout_basic, grunt_lair_entry_orc_guard_hut, hiddenorc1_lemuel
D:11:     minmay_s_stair_smasher, layout_rooms, minmay_alternating_orb
D:12:     gammafunk_cloud_chamber, layout_basic, enter_bailey_2,
          grunt_ministairs_14, serial_bayou_ford_a, minivault_20
Temple:   corrupted_temple
Lair:1:   layout_long_grid, lightli_volcano_entry_magma_tube
Lair:2:   layout_misc_corridors, nicolae_spider_entry_tight_spaces,
          chequers_serial_rivers_room_a, beast_lair_carwin_3,
          lemuel_fruit_fields, uniq_fannar
Lair:3:   layout_misc_corridors, serial_bayou_lagoon_a
Lair:4:   layout_hall_layers, skrybe_swamp_entry_bodies
Lair:5:   layout_hall_layers, basic_altar, chequers_serial_rivers_small_3,
          lemuel_oklob_altar, uniq_kirke
Lair:6:   gammafunk_lair_ancient_temple, layout_regular_city, slime_altar_1,
          st_stairs_11, small_statue_intersection
Swamp:1:  layout_basic_swamp, evilmike_swamp_ruin_rubble_1, swamp_pool1
Swamp:2:  cheibrodos_swamp_heart_of_darkness, layout_falls_marsh,
          serial_swamp_ruin, evilmike_swamp_ruin_wall,
          evilmike_swamp_ruin_house_4
Swamp:3:  layout_basic_swamp, hangedman_swamp_cone, swamp_pool5
Swamp:4:  grunt_swamp_rune_castle, layout_basic_swamp, infiniplex_staircase_pool
Spider:1: layout_spider_delve, nicolae_spider_circle_web
Spider:2: layout_spider_delve, nicolae_spider_cling_ruins
Spider:3: layout_spider_delve, uniq_roxanne
Spider:4: johnstein_spider_rune_arachne_lair
Slime:1:  layout_caves
Slime:2:  layout_caves
Slime:3:  layout_caves
Slime:4:  layout_caves
Slime:5
Orc:1:    layout_diamond_mine, gammafunk_ghost_berserking_beasts, uniq_josephine
Orc:2:    st_orc_ogre_mass, layout_caves

Skill      XL: |  1  2  3  4  5  6  7  8  9 10 11 12 13 14 15 16 17 |
---------------+----------------------------------------------------+-----
Armour         | 4 5 6 8 9 10 | 10.0
Fighting       | 4 5 6 8 9 10 11 12 13 14 15 16 17 | 17.3
Shields        | 4 5 6 7 9 10 11 12 13 14 15 | 15.0
Long Blades    | 3 4 5 6 7 8 10 11 13 14 16 | 16.0
Invocations    | 3 4 |  4.4
Necromancy     | 2 3 5 6 7 8 9 |  9.6
Charms         | 1 3 4 5 6 8 |  8.9
Spellcasting   | 2 4 5 7 8 |  8.0
Dodging        | 4 7 |  7.6

Action                   |  1- 3 |  4- 6 |  7- 9 | 10-12 | 13-15 | 16-18 || total
-------------------------+-------+-------+-------+-------+-------+-------++-------
Melee: Long sword        |    80 |       |       |       |       |       ||    80
       Headbutt          |    16 |    30 |   123 |   227 |   209 |   219 ||   824
       Dagger            |    29 |   141 |   475 |       |       |       ||   645
       Falchion          |       |       |    53 |   264 |       |       ||   317
       Scimitar          |       |       |       |   667 |   191 |    27 ||   885
       Double sword      |       |       |       |       |   653 |   609 ||  1262
Invok: Lesser Servant of |       |       |       |     1 |     2 |       ||     3
Evoke: Lamp of fire      |       |       |       |       |       |     1 ||     1
  Use: Scroll            |       |     6 |    10 |    15 |     8 |     5 ||    44
       Potion            |       |     1 |     3 |     2 |     4 |     7 ||    17
 Stab: Distracted        |       |       |     1 |       |       |       ||     1
       Invisible         |       |       |       |     3 |       |       ||     3
       Confused          |       |       |       |       |       |     4 ||     4
  Eat: Chunk             |     1 |     5 |    11 |    21 |    18 |     9 ||    65
       Ration            |       |       |       |     1 |     2 |     3 ||     6
Armor: Scale mail        |    39 |     2 |       |       |       |       ||    41
       Troll leather arm |       |    18 |    81 |       |       |       ||    99
       Crystal plate arm |       |       |    29 |   407 |   430 |   392 ||  1258
Dodge: Dodged            |    30 |    32 |    70 |    95 |   186 |   232 ||   645
Block: Shield            |    64 |    22 |   181 |   439 |   457 |   438 ||  1601
       Rpst.: Long sword |     5 |       |       |       |       |       ||     5
       Falchion          |       |       |     3 |     5 |       |       ||     8
       Scimitar          |       |       |       |    13 |    10 |     2 ||    25
       Double sword      |       |       |       |       |    23 |    21 ||    44
